TOP OF THE 1ST |
Philadelphia (APP) Phillies batting - Pitching for Chicago (APP) Cubs : RHP Dwight Bean
|
Pitching: RHP Dwight Bean
|
|
Batting: LHB Matt Urbanek
|
0-0: Ball 1-0: Called Strike 1-1: TRIPLE (Line Drive, 8LXD, EV 102.5 MPH)
|
Batting: RHB Carlos Morejon
|
0-0: Ball 1-0: Ball 2-0: Swinging Strike 2-1: Swinging Strike 2-2: Strikes out swinging
|
Batting: RHB Kyle Reilly
|
0-0: Foul Ball, location: 2F 0-1: Swinging Strike 0-2: Ball 1-2: Strikes out swinging
|
Batting: RHB Seung-mun Kim
|
0-0: Ball 1-0: Ball 2-0: DOUBLE (Flyball, 8RXD, EV 99.4 MPH) Matt Urbanek scores
|
Batting: LHB Danny Zuniga
|
0-0: Swinging Strike 0-1: Ball 1-1: Called Strike 1-2: Strikes out looking
|
Top of the 1st over - 1 run, 2 hits, 0 errors, 1 left on base; Philadelphia (APP) 1 - Chicago (APP) 0 |
BOTTOM OF THE 1ST |
Chicago (APP) Cubs batting - Pitching for Philadelphia (APP) Phillies : RHP Manny Cordova
|
Pitching: RHP Manny Cordova
|
|
Batting: RHB Randy Schmitt
|
0-0: Ball 1-0: Ball 2-0: SINGLE (Groundball, 25, EV 66.9 MPH) (infield hit)
|
Batting: RHB Tak-keung Chieu
|
0-0: Ball 1-0: Called Strike 1-1: Ball 2-1: Foul Ball, location: 2F 2-2: Foul Ball, location: 2F 2-2: Strikes out looking
|
Batting: RHB Jake Mitchell
|
0-0: Ball Randy Schmitt steals 2nd base 1-0: Called Strike 1-1: Foul Ball, location: 2F 1-2: Ground out 6-3 (Groundball, 6, EV 101.3 MPH)
|
Batting: SHB Andrew Baron
|
0-0: Ball 1-0: Called Strike 1-1: SINGLE (Groundball, 34D, EV 101.9 MPH) Randy Schmitt to third Runner from 3rd tries for Home, throw by RF and OUT! 9-2
|
Bottom of the 1st over - 0 runs, 2 hits, 0 errors, 1 left on base; Philadelphia (APP) 1 - Chicago (APP) 0 |
TOP OF THE 2ND |
Philadelphia (APP) Phillies batting - Pitching for Chicago (APP) Cubs : RHP Dwight Bean
|
Batting: LHB Eric Farren
|
0-0: Ball 1-0: Foul Ball, location: 2F 1-1: Ball 2-1: Foul Ball, location: 2F 2-2: Strikes out swinging
|
Batting: RHB Vaclav Been
|
0-0: Ball 1-0: Called Strike 1-1: Swinging Strike 1-2: Ball 2-2: Ground out 6-3 (Groundball, 6, EV 88.8 MPH)
|
Batting: LHB Josh George
|
0-0: Called Strike 0-1: SOLO HOME RUN (Line Drive, 89XD, EV 108.1 MPH), Distance : 440 ft
|
Batting: RHB Mark Schultz
|
0-0: Foul Ball, location: 2F 0-1: Ball 1-1: Foul Ball, location: 2F 1-2: Hit by Pitch
|
Batting: LHB Matt Urbanek
|
0-0: Ball Mark Schultz steals 2nd base 1-0: Reached on error, E3 (Groundball, 3D, EV 85.0 MPH) Mark Schultz to third
|
Batting: RHB Carlos Morejon
|
0-0: Ball 1-0: Ball 2-0: Called Strike 2-1: Ball 3-1: Base on Balls Matt Urbanek to second
|
Batting: RHB Kyle Reilly
|
0-0: Foul Ball, location: 2F 0-1: Fly out, F8 (Line Drive, 8LD, EV 85.0 MPH)
|
Top of the 2nd over - 1 run, 1 hit, 1 error, 3 left on base; Philadelphia (APP) 2 - Chicago (APP) 0 |
BOTTOM OF THE 2ND |
Chicago (APP) Cubs batting - Pitching for Philadelphia (APP) Phillies : RHP Manny Cordova
|
Batting: RHB Julio Arteaga
|
0-0: Ball 1-0: Ball 2-0: Ground out 6-3 (Groundball, 6, EV 85.0 MPH)
|
Batting: RHB Jake Newman
|
0-0: Ground out 5-3 (Groundball, 56S, EV 84.4 MPH)
|
Batting: RHB Carlos Zavala
|
0-0: Foul Ball, location: 2F 0-1: SINGLE (Groundball, 56D, EV 106.9 MPH)
|
Batting: LHB Arnaldo Cardamenho
|
0-0: Ball 1-0: Called Strike 1-1: Foul Ball, location: 2F 1-2: Ball 2-2: Ball 3-2: Strikes out swinging
|
Bottom of the 2nd over - 0 runs, 1 hit, 0 errors, 1 left on base; Philadelphia (APP) 2 - Chicago (APP) 0 |
TOP OF THE 3RD |
Philadelphia (APP) Phillies batting - Pitching for Chicago (APP) Cubs : RHP Dwight Bean
|
Batting: RHB Seung-mun Kim
|
0-0: Ball 1-0: Fly out, F7 (Flyball, 7S, EV 92.5 MPH)
|
Batting: LHB Danny Zuniga
|
0-0: Called Strike 0-1: Foul Ball, location: 2F 0-2: SINGLE (Groundball, 6MD, EV 104.4 MPH)
|
Batting: LHB Eric Farren
|
0-0: Ball 1-0: Called Strike 1-1: Foul Ball, location: 2F 1-2: Ball Wild Pitch! Danny Zuniga to second 2-2: Ground out 5-3 (Groundball, 5L, EV 90.6 MPH)
|
Batting: RHB Vaclav Been
|
0-0: 2-RUN HOME RUN (Flyball, 89XD, EV 108.8 MPH), Distance : 439 ft
|
Batting: LHB Josh George
|
0-0: Called Strike 0-1: DOUBLE (Flyball, 78D, EV 99.4 MPH)
|
Batting: RHB Mark Schultz
|
0-0: Ball 1-0: Ball 2-0: Ball 3-0: Called Strike 3-1: Base on Balls
|
Batting: LHB Matt Urbanek
|
0-0: Ball 1-0: Called Strike 1-1: Ground out 6-3 (Groundball, 4MS, EV 83.8 MPH)
|
Top of the 3rd over - 2 runs, 3 hits, 0 errors, 2 left on base; Philadelphia (APP) 4 - Chicago (APP) 0 |
BOTTOM OF THE 3RD |
Chicago (APP) Cubs batting - Pitching for Philadelphia (APP) Phillies : RHP Manny Cordova
|
Batting: RHB Josh MacQueen
|
0-0: Foul Ball, location: 2F 0-1: Ball 1-1: Foul Ball, location: 2F 1-2: Ball 2-2: Ball 3-2: Strikes out swinging
|
Batting: RHB Randy Schmitt
|
0-0: Ball 1-0: Called Strike 1-1: Foul Ball, location: 2F 1-2: Strikes out looking
|
Batting: RHB Tak-keung Chieu
|
0-0: Ball 1-0: SINGLE (Groundball, 15S, EV 69.4 MPH) (infield hit)
|
Batting: RHB Jake Mitchell
|
0-0: Foul Ball, location: 2F 0-1: Ball Wild Pitch! Tak-keung Chieu to second 1-1: Foul Ball, location: 2F 1-2: Strikes out looking
|
Bottom of the 3rd over - 0 runs, 1 hit, 0 errors, 1 left on base; Philadelphia (APP) 4 - Chicago (APP) 0 |
TOP OF THE 4TH |
Philadelphia (APP) Phillies batting - Pitching for Chicago (APP) Cubs : RHP Dwight Bean
|
Batting: RHB Carlos Morejon
|
0-0: Hit by Pitch
|
Batting: RHB Kyle Reilly
|
0-0: Ball 1-0: Ball 2-0: Ball 3-0: Base on Balls Carlos Morejon to second
|
Batting: RHB Seung-mun Kim
|
0-0: Called Strike 0-1: Ball 1-1: Ball Passed Ball! Carlos Morejon to third Kyle Reilly to second 2-1: 3-RUN HOME RUN (Flyball, 9LD, EV 94.4 MPH), Distance : 342 ft
|
Pitching: RHP Ryan Masterson
|
|
Batting: LHB Danny Zuniga
|
0-0: Ball 1-0: Ball 2-0: Ground out U3 (Groundball, 23, EV 88.8 MPH)
|
Batting: LHB Eric Farren
|
0-0: Ball 1-0: Foul Ball, location: 2F 1-1: Swinging Strike 1-2: Ball 2-2: Ball 3-2: Foul Ball, location: 2F 3-2: Base on Balls
|
Batting: RHB Vaclav Been
|
0-0: Ball 1-0: Ball 2-0: Called Strike 2-1: SINGLE (Groundball, 4MD, EV 101.9 MPH) Eric Farren to second
|
Batting: LHB Josh George
|
0-0: Ball 1-0: Ball 2-0: Called Strike 2-1: Swinging Strike 2-2: Ball 3-2: Base on Balls Eric Farren to third Vaclav Been to second
|
Pitching: LHP Eddie Panagos
|
|
Batting: RHB Mark Schultz
|
0-0: Fly out, F9 (Flyball, 9, EV 88.1 MPH) Runner from 3rd tags up, SCORES, throw by RF Vaclav Been to third
|
Batting: LHB Matt Urbanek
|
0-0: Called Strike 0-1: Called Strike 0-2: Ball 1-2: Foul Ball, location: 2F 1-2: Ball 2-2: Reached on error, E4 (Groundball, 4, EV 101.9 MPH) Vaclav Been scores Josh George to second
|
Batting: RHB Carlos Morejon
|
0-0: Called Strike 0-1: Ball 1-1: Foul Ball, location: 2F 1-2: Ball 2-2: Ball 3-2: DOUBLE (Flyball, 78XD, EV 100.6 MPH) Josh George scores Matt Urbanek to third Matt Urbanek scores
|
Batting: RHB Kyle Reilly
|
0-0: Ball 1-0: Ball 2-0: Foul Ball, location: 2F 2-1: SINGLE (Groundball, 6D, EV 98.8 MPH) Carlos Morejon to third
|
Batting: RHB Seung-mun Kim
|
0-0: Called Strike 0-1: Hit by Pitch Kyle Reilly to second
|
Pitching: RHP Rob Craft
|
|
Batting: LHB Danny Zuniga
|
0-0: Ball 1-0: Ball 2-0: Ball 3-0: Called Strike 3-1: Called Strike 3-2: Ground out 4-3 (Groundball, 4, EV 80.0 MPH)
|
Top of the 4th over - 7 runs, 4 hits, 1 error, 3 left on base; Philadelphia (APP) 11 - Chicago (APP) 0 |
BOTTOM OF THE 4TH |
Chicago (APP) Cubs batting - Pitching for Philadelphia (APP) Phillies : RHP Manny Cordova
|
Batting: SHB Andrew Baron
|
0-0: Foul Ball, location: 2F 0-1: Ball 1-1: Ball 2-1: Ball 3-1: Ground out 4-3 (Groundball, 4, EV 100.6 MPH)
|
Batting: RHB Julio Arteaga
|
0-0: Called Strike 0-1: Ball 1-1: Ball 2-1: Ball 3-1: Ground out U3 (Groundball, 23, EV 91.9 MPH)
|
Batting: RHB Jake Newman
|
0-0: Ball 1-0: Ball 2-0: Swinging Strike 2-1: Foul Ball, location: 2F 2-2: Foul Ball, location: 2F 2-2: Foul Ball, location: 2F 2-2: Strikes out swinging
|
Bottom of the 4th over - 0 runs, 0 hits, 0 errors, 0 left on base; Philadelphia (APP) 11 - Chicago (APP) 0 |
TOP OF THE 5TH |
Philadelphia (APP) Phillies batting - Pitching for Chicago (APP) Cubs : RHP Rob Craft
|
Batting: LHB Eric Farren
|
0-0: Ball 1-0: Ball 2-0: Called Strike 2-1: Ball 3-1: Base on Balls
|
Batting: RHB Vaclav Been
|
0-0: Ball 1-0: Called Strike 1-1: DOUBLE (Flyball, 8LXD, EV 100.6 MPH) Eric Farren to third
|
Batting: LHB Josh George
|
0-0: Ball 1-0: Ball 2-0: TRIPLE (Line Drive, 89XD, EV 105.6 MPH) Eric Farren scores Vaclav Been scores
|
Batting: RHB Mark Schultz
|
0-0: Ball 1-0: Ball 2-0: Called Strike 2-1: SINGLE (Flyball, 4D, EV 89.4 MPH) Josh George scores
|
Pitching: RHP Karl Stuart
|
|
Batting: LHB Matt Urbanek
|
0-0: Called Strike 0-1: Foul Ball, location: 2F 0-2: Ball 1-2: Ball 2-2: Strikes out swinging
|
Batting: RHB Carlos Morejon
|
0-0: Ball 1-0: Ball 2-0: Ball 3-0: Base on Balls Mark Schultz to second
|
Batting: RHB Kyle Reilly
|
0-0: Called Strike 0-1: Swinging Strike 0-2: Ball 1-2: Reached on error, E3 (Groundball, 3, EV 78.8 MPH) Mark Schultz to third Carlos Morejon to second
|
Batting: RHB Seung-mun Kim
|
0-0: Swinging Strike 0-1: Called Strike 0-2: Ball 1-2: Ball 2-2: Ball 3-2: Strikes out looking
|
Pitching: RHP Dustin Buckner
|
|
Batting: LHB Danny Zuniga
|
0-0: Called Strike 0-1: Called Strike 0-2: Ball 1-2: Strikes out looking
|
Top of the 5th over - 3 runs, 3 hits, 1 error, 3 left on base; Philadelphia (APP) 14 - Chicago (APP) 0 |
BOTTOM OF THE 5TH |
Chicago (APP) Cubs batting - Pitching for Philadelphia (APP) Phillies : RHP Manny Cordova
|
Batting: RHB Carlos Zavala
|
0-0: Swinging Strike 0-1: Called Strike 0-2: Foul Ball, location: 2F 0-2: Foul Ball, location: 2F 0-2: Strikes out swinging
|
Batting: LHB Arnaldo Cardamenho
|
0-0: Ball 1-0: Swinging Strike 1-1: Ball 2-1: Called Strike 2-2: Strikes out looking
|
Batting: RHB Josh MacQueen
|
0-0: Ball 1-0: Swinging Strike 1-1: Ball 2-1: Foul Ball, location: 2F 2-2: Strikes out swinging
|
Bottom of the 5th over - 0 runs, 0 hits, 0 errors, 0 left on base; Philadelphia (APP) 14 - Chicago (APP) 0 |
TOP OF THE 6TH |
Philadelphia (APP) Phillies batting - Pitching for Chicago (APP) Cubs : RHP Dustin Buckner
|
Batting: LHB Eric Farren
|
0-0: Called Strike 0-1: Foul Ball, location: 2F 0-2: Strikes out looking
|
Batting: RHB Vaclav Been
|
0-0: Called Strike 0-1: Ball 1-1: Swinging Strike 1-2: Strikes out looking
|
Batting: LHB Josh George
|
0-0: SINGLE (Flyball, 78S, EV 90.0 MPH)
|
Batting: RHB Mark Schultz
|
0-0: Swinging Strike 0-1: Ball 1-1: Called Strike 1-2: Ball 2-2: Strikes out swinging
|
Top of the 6th over - 0 runs, 1 hit, 0 errors, 1 left on base; Philadelphia (APP) 14 - Chicago (APP) 0 |
BOTTOM OF THE 6TH |
Chicago (APP) Cubs batting - Pitching for Philadelphia (APP) Phillies : RHP Manny Cordova
|
Batting: RHB Randy Schmitt
|
0-0: Called Strike 0-1: Ground out U3 (Groundball, 3, EV 92.5 MPH)
|
Batting: RHB Tak-keung Chieu
|
0-0: Called Strike 0-1: Ground out U3 (Groundball, 3, EV 108.8 MPH)
|
Batting: RHB Jake Mitchell
|
0-0: Ball 1-0: Foul Ball, location: 2F 1-1: Foul Ball, location: 2F 1-2: Ground out 1-3 (Groundball, 13S, EV 63.8 MPH)
|
Bottom of the 6th over - 0 runs, 0 hits, 0 errors, 0 left on base; Philadelphia (APP) 14 - Chicago (APP) 0 |
TOP OF THE 7TH |
Philadelphia (APP) Phillies batting - Pitching for Chicago (APP) Cubs : RHP Dustin Buckner
|
Batting: LHB Matt Urbanek
|
0-0: Ball 1-0: Fly out, F8 (Flyball, 8LD, EV 105.0 MPH)
|
Batting: RHB Carlos Morejon
|
0-0: Ball 1-0: Called Strike 1-1: Foul Ball, location: 2F 1-2: Ball 2-2: Ball 3-2: Ground out U3 (Groundball, 34, EV 105.6 MPH)
|
Batting: RHB Kyle Reilly
|
0-0: Ball 1-0: Single, Error in OF, E7, batter to second base (Groundball, 56D, EV 106.3 MPH)
|
Batting: RHB Seung-mun Kim
|
0-0: Ball 1-0: Ball 2-0: Ball 3-0: Base on Balls
|
Batting: LHB Danny Zuniga
|
0-0: Ball 1-0: Ball 2-0: Called Strike 2-1: Swinging Strike 2-2: Ball 3-2: Strikes out swinging
|
Top of the 7th over - 0 runs, 1 hit, 1 error, 2 left on base; Philadelphia (APP) 14 - Chicago (APP) 0 |
BOTTOM OF THE 7TH |
Chicago (APP) Cubs batting - Pitching for Philadelphia (APP) Phillies : RHP Manny Cordova
|
Batting: SHB Andrew Baron
|
0-0: Called Strike 0-1: Ground out 6-3 (Groundball, 6M, EV 98.1 MPH)
|
Batting: RHB Julio Arteaga
|
0-0: Foul Ball, location: 2F 0-1: Foul Ball, location: 2F 0-2: Ball 1-2: Ground out 4-3 (Groundball, 4S, EV 70.6 MPH)
|
Batting: RHB Jake Newman
|
0-0: Ball 1-0: Ball 2-0: Ball 3-0: Base on Balls
|
Batting: RHB Carlos Zavala
|
0-0: Called Strike 0-1: Foul Ball, location: 2F 0-2: Ball 1-2: Strikes out swinging
|
Bottom of the 7th over - 0 runs, 0 hits, 0 errors, 1 left on base; Philadelphia (APP) 14 - Chicago (APP) 0 |
TOP OF THE 8TH |
Philadelphia (APP) Phillies batting - Pitching for Chicago (APP) Cubs : RHP Dustin Buckner
|
Batting: LHB Eric Farren
|
0-0: Ball 1-0: Called Strike 1-1: Ball 2-1: Foul Ball, location: 2F 2-2: Strikes out swinging
|
Batting: RHB Vaclav Been
|
0-0: Ball 1-0: Ball 2-0: Called Strike 2-1: Foul Ball, location: 2F 2-2: Foul Ball, location: 2F 2-2: Ball 3-2: DOUBLE (Line Drive, 7LS, EV 106.9 MPH)
|
Batting: LHB Josh George
|
0-0: Ball 1-0: Ball 2-0: Ball 3-0: Base on Balls
|
Batting: RHB Mark Schultz
|
0-0: Called Strike 0-1: Ball 1-1: Ball 2-1: Ball 3-1: Foul Ball, location: 2F 3-2: SINGLE (Line Drive, 34D, EV 101.9 MPH) Vaclav Been to third Josh George to second
|
Batting: LHB Matt Urbanek
|
0-0: Fly out, F9 (Flyball, 9LM, EV 96.9 MPH)
|
Batting: RHB Carlos Morejon
|
0-0: Ball 1-0: Swinging Strike 1-1: Swinging Strike 1-2: GRAND SLAM HOME RUN (Flyball, 7D, EV 96.9 MPH), Distance : 382 ft
|
Pinch Hitting: LHB Jesse Haught
|
0-0: Ball 1-0: Called Strike 1-1: Ball 2-1: Ball 3-1: Called Strike 3-2: Base on Balls
|
Batting: RHB Seung-mun Kim
|
0-0: Ball 1-0: Ball 2-0: Called Strike 2-1: 2-RUN HOME RUN (Flyball, 7LD, EV 93.1 MPH), Distance : 352 ft
|
Batting: LHB Danny Zuniga
|
0-0: Hit by Pitch
|
Pinch Runner at 1st Gary Sampson:
|
|
Batting: LHB Eric Farren
|
0-0: Ball 1-0: Ball 2-0: Ball 3-0: Base on Balls Gary Sampson to second
|
Batting: RHB Vaclav Been
|
0-0: Ball 1-0: Swinging Strike 1-1: Swinging Strike 1-2: Strikes out looking
|
Top of the 8th over - 6 runs, 4 hits, 0 errors, 2 left on base; Philadelphia (APP) 20 - Chicago (APP) 0 |
BOTTOM OF THE 8TH |
Chicago (APP) Cubs batting - Pitching for Philadelphia (APP) Phillies : RHP Manny Cordova
|
Pitching: RHP David LaBounty
|
|
Now at C: Eduardo Calderon
|
|
Now in LF: Josh George
|
|
Now in RF: Jesse Haught
|
|
Batting: LHB Arnaldo Cardamenho
|
0-0: Foul Ball, location: 2F 0-1: Ball 1-1: Foul Ball, location: 2F 1-2: Foul Ball, location: 2F 1-2: SINGLE (Groundball, 56D, EV 105.6 MPH)
|
Batting: RHB Josh MacQueen
|
0-0: Bunted foul 0-1: Bunted foul 0-2: Sac Bunt to 2L - play at first, batter OUT! 2-3 Arnaldo Cardamenho to second
|
Batting: RHB Randy Schmitt
|
0-0: Swinging Strike 0-1: Foul Ball, location: 2F 0-2: Strikes out looking
|
Batting: RHB Tak-keung Chieu
|
0-0: Called Strike 0-1: Swinging Strike 0-2: Ball 1-2: Strikes out swinging
|
Bottom of the 8th over - 0 runs, 1 hit, 0 errors, 1 left on base; Philadelphia (APP) 20 - Chicago (APP) 0 |
TOP OF THE 9TH |
Philadelphia (APP) Phillies batting - Pitching for Chicago (APP) Cubs : RHP Dustin Buckner
|
Batting: LHB Josh George
|
0-0: Ball 1-0: Ball 2-0: Ball 3-0: Called Strike 3-1: Called Strike 3-2: Base on Balls
|
Batting: RHB Mark Schultz
|
0-0: SINGLE (Line Drive, 7LS, EV 96.9 MPH) Josh George to second
|
Batting: LHB Matt Urbanek
|
0-0: Ball 1-0: Ball 2-0: Called Strike 2-1: Ball 3-1: Base on Balls Josh George to third Mark Schultz to second
|
Batting: RHB Carlos Morejon
|
0-0: Foul Ball, location: 2F 0-1: DOUBLE (Line Drive, 5D, EV 95.0 MPH) Josh George scores Mark Schultz scores Matt Urbanek to third Runner from 3rd tries for Home, SAFE, no throw by LF
|
Batting: LHB Jesse Haught
|
0-0: Ball 1-0: Ball 2-0: Ball 3-0: Called Strike 3-1: Base on Balls
|
Batting: RHB Seung-mun Kim
|
0-0: Ball 1-0: Ball 2-0: Ball 3-0: Swinging Strike 3-1: Foul Ball, location: 2F 3-2: Base on Balls Carlos Morejon to third Jesse Haught to second
|
Batting: RHB Eduardo Calderon
|
0-0: Fielders Choice at 2nd, 6-4 (Groundball, 6, EV 83.8 MPH) Carlos Morejon scores Jesse Haught to third
|
Batting: LHB Eric Farren
|
0-0: 3-RUN HOME RUN (Flyball, 78XD, EV 112.5 MPH), Distance : 444 ft
|
Batting: RHB Vaclav Been
|
0-0: Ball 1-0: Ball 2-0: Ball 3-0: Base on Balls
|
Batting: LHB Josh George
|
0-0: Ball 1-0: Ball Wild Pitch! Vaclav Been to second 2-0: Foul Ball, location: 2F 2-1: Ball 3-1: Base on Balls
|
Batting: RHB Mark Schultz
|
0-0: Fly out, F7 (Flyball, 78D, EV 95.6 MPH)
|
Batting: LHB Matt Urbanek
|
0-0: DOUBLE (Line Drive, 5D, EV 95.6 MPH) Vaclav Been scores Josh George to third
|
Batting: RHB Carlos Morejon
|
0-0: Foul Ball, location: 2F 0-1: Ball 1-1: Reached on error, E5 (Groundball, 56S, EV 72.5 MPH) Josh George scores Matt Urbanek to third
|
Batting: LHB Jesse Haught
|
0-0: Reached on error, E9 (Flyball, 9, EV 86.3 MPH) Matt Urbanek scores Carlos Morejon to third
|
Batting: RHB Seung-mun Kim
|
0-0: Called Strike 0-1: Ball 1-1: Ball 2-1: Ball 3-1: Base on Balls
|
Batting: RHB Eduardo Calderon
|
0-0: Ball 1-0: Ball 2-0: Ball 3-0: Base on Balls Carlos Morejon scores Jesse Haught to third Seung-mun Kim to second
|
Batting: LHB Eric Farren
|
0-0: Ground out U3 (Groundball, 3S, EV 93.8 MPH)
|
Top of the 9th over - 11 runs, 4 hits, 2 errors, 3 left on base; Philadelphia (APP) 31 - Chicago (APP) 0 |
BOTTOM OF THE 9TH |
Chicago (APP) Cubs batting - Pitching for Philadelphia (APP) Phillies : RHP David LaBounty
|
Batting: RHB Jake Mitchell
|
0-0: Foul Ball, location: 2F 0-1: Ball 1-1: Called Strike 1-2: Ground out 6-3 (Groundball, 6, EV 82.5 MPH)
|
Batting: SHB Andrew Baron
|
0-0: Called Strike 0-1: Ball 1-1: Foul Ball, location: 2F 1-2: Strikes out swinging
|
Batting: RHB Julio Arteaga
|
0-0: Called Strike 0-1: Called Strike 0-2: Foul Ball, location: 2F 0-2: Ball 1-2: Strikes out swinging
|
Bottom of the 9th over - 0 runs, 0 hits, 0 errors, 0 left on base; Philadelphia (APP) 31 - Chicago (APP) 0 |
|